 Dungeon Crawl Stone Soup version 0.18-a0-1314-g2549be2 (webtiles) character file.

10838 Oddball22 the Thaumaturge (level 11, -1/48 HPs)
             Began as a Deep Elf Ice Elementalist on Feb 15, 2016.
             Was a Priest of Sif Muna.
             Slain by an unseen horror (6 damage)
             ... on level 13 of the Dungeon.
             The game lasted 00:44:21 (13874 turns).

Oddball22 the Thaumaturge (DEIE)                   Turns: 13874, Time: 00:44:21

Health: -1/48      AC:  9    Str:  5    XL:     11   Next: 41%
Magic:  29/29      EV: 16    Int: 24    God:    Sif Muna [***...]
Gold:   814        SH:  0    Dex: 15    Spells: 5 memorised, 21 levels left

rFire  . . .     SeeInvis .     H - +4 quarterstaff (chaos)
rCold  . . .     Gourm    .     F - +2 robe {MR+}
rNeg   . . .     Faith    +     (shield currently unavailable)
rPois  .         Spirit   .     (no helmet)
rElec  .         Dismiss  .     Q - +2 cloak
rCorr  .         Reflect  .     w - +0 pair of gloves
SustAt .         Harm     .     r - +0 pair of boots
MR     ++...                    m - amulet of faith
Stlth  +++.......               (no ring)
                                B - ring of stealth

@: very resistant to hostile enchantments, fairly stealthy
A: hooves 1, frail 1
a: Channel Energy, Renounce Religion


You were on level 13 of the Dungeon.
You worshipped Sif Muna.
Sif Muna was most pleased with you.
You were very hungry.

You visited 2 branches of the dungeon, and saw 14 of its levels.

You collected 814 gold pieces.

Inventory:

Hand Weapons
 H - a +4 quarterstaff of chaos (weapon)
 I - a +0 whip of holy wrath
 J - a -1 short sword of speed
 K - the +7 mace of the Eel {crush, rF+ rN+++ Dex-3 Stlth-}
   (You found it on level 6 of the Dungeon)

   It inflicts extra damage upon your enemies.
   It affects your dexterity (-3).
   It protects you from fire.
   It renders you almost immune to negative energy.
   It makes you less stealthy.
 U - the +7 falchion of Guile {speed, rPois rF- MR++ Dex+4}
   (You found it on level 11 of the Dungeon)

   Attacks with this weapon are significantly faster.
   It affects your dexterity (+4).
   It makes you vulnerable to fire.
   It protects you from poison.
   It affects your resistance to hostile enchantments.
Armour
 r - a +0 pair of boots (worn)
 w - a +0 pair of gloves (worn)
 E - a +2 buckler
 F - a +2 robe of magic resistance (worn)
 Q - a +2 cloak (worn)
Jewellery
 m - an amulet of faith (around neck)
 x - an uncursed ring of teleportation
 B - a ring of stealth (left hand)
Wands
 v - a wand of confusion (24/48)
 S - a wand of iceblast (5/15)
 V - a wand of confusion (18/48)
Scrolls
 a - a scroll of vulnerability {unknown}
 d - 3 scrolls of immolation {unknown}
 e - 4 scrolls of enchant weapon {unknown}
 g - 9 scrolls of teleportation
 i - 3 scrolls of identify
 k - 5 scrolls of fog
 l - 2 scrolls of random uselessness {unknown}
 o - 3 scrolls of remove curse
 q - 2 scrolls of noise {unknown}
 s - a scroll of blinking {unknown}
 u - 3 scrolls of magic mapping {unknown}
 y - 4 scrolls of fear {unknown}
 G - a scroll of recharging {unknown}
 N - 2 scrolls of enchant armour {unknown}
Potions
 h - a potion of haste {unknown}
 j - 3 potions of brilliance
 n - 4 potions of magic {unknown}
 p - 2 potions of mutation
 t - a potion of agility {unknown}
 z - 3 potions of lignification
 A - 2 potions of curing {unknown}
 C - 2 potions of resistance {unknown}
 D - a potion of berserk rage {unknown}
 L - 4 potions of degeneration {unknown}
 O - a potion of heal wounds {unknown}
 T - a potion of flight {unknown}
Books
 b - a book of Frost

   Spells                             Type                      Level
   a - Freeze                         Ice                          1
   b - Throw Frost                    Conjuration/Ice              2
   c - Ozocubu's Armour               Charms/Ice                   3
   d - Throw Icicle                   Conjuration/Ice              4
   e - Summon Ice Beast               Ice/Summoning                4
 R - a book of the Sky

   Spells                             Type                      Level
   a - Summon Lightning Spire         Summoning/Air                4
   b - Airstrike                      Air                          4
   c - Silence                        Hexes/Air                    5
   d - Deflect Missiles               Charms/Air                   6
   e - Conjure Ball Lightning         Conjuration/Air              6
   f - Tornado                        Air                          9
Comestibles
 c - 10 bread rations
 f - 2 meat rations
 M - 3 beef jerkies
 P - 2 fruits


   Skills:
 + Level 7.3 Dodging
 - Level 2.4 Stealth
 * Level 12.7 Spellcasting
 - Level 9.3 Conjurations
 - Level 4.4 Charms
 - Level 8.1 Summonings
 + Level 8.2 Ice Magic
 + Level 4.2 Invocations


You had 21 spell levels left.
You knew the following spells:

 Your Spells              Type           Power        Failure   Level  Hunger
a - Freeze                Ice            ####         1%          1    None
b - Throw Frost           Conj/Ice       ######       1%          2    None
c - Ozocubu's Armour      Chrm/Ice       #####...     1%          3    None
d - Throw Icicle          Conj/Ice       ######..     1%          4    None
e - Summon Ice Beast      Ice/Summ       ######..     1%          4    None


Dungeon Overview and Level Annotations

Branches:
Dungeon (13/15)            Temple (1/1) D:6            Lair (0/8) D:9
    Orc (0/2) D:11
 Vaults: D:13-14

Altars:
Ashenzari
Cheibriados
Dithmenos
Elyvilon
Fedhas
Gozag
Kikubaaqudgha
Makhleb
Nemelex Xobeh
Okawaru
Pakellas
Qazlal
Ru
Sif Muna
Trog
Vehumet
Xom
Yredelemnul
Zin
The Shining One

Shops:
D:11 :

Annotations:
D:1 1 runed door


Innate Abilities, Weirdness & Mutations

You have large cloven feet.
You are frail (-10% HP).


Message History

Something hits you. Something hits you. x2
* * * LOW HITPOINT WARNING * * *
There is an open door, spattered with blood here.
Something hits you but does no damage. Something barely misses you.
There is an open door, spattered with blood here.
Something hits you but does no damage. x2
Something barely misses you. Something hits you but does no damage.
Something hits you but does no damage. Something hits you.
* * * LOW HITPOINT WARNING * * *
There is an open door, spattered with blood here.
Something hits you but does no damage. Something hits you.
* * * LOW HITPOINT WARNING * * *
You sock something! Something hits you.
* * * LOW HITPOINT WARNING * * *
Something hits you but does no damage. Something hits you.
You die...

#......#
#......##########
#......#.........
#......'<########
+......###
#......# ##'#####
#..# #@##
####'#######
#..........#
#..........#
#..........#
#......!...#
#...)......#
+..........+
#..........#


There were no monsters in sight!

Vanquished Creatures
  2 hill giants
  Pikel (D:5)
  2 ugly things
  2 gargoyles
  A komodo dragon (D:11)
  3 trolls
  The ghost of Gottschkopf the Ruffian, an amateur DrTm (D:3)
  A two-headed ogre (D:8)
  Grinder (D:4)
  A slime creature (D:12)
  A wraith (D:8)
  A spriggan (D:7)
  3 yaks (D:9)
  2 wyverns
  2 vampire mosquitoes (D:12)
  A sky beast (D:5)
  An ice beast (D:11)
  5 orc warriors
  3 wasps
  2 ogres
  2 eyes of draining
  3 centaurs
  2 big kobolds
  10 giant frogs
  5 scorpions
  A water moccasin skeleton (D:8)
  A wight (D:12)
  6 crimson imps
  A quasit (D:10)
  2 centaur zombies
  6 hounds
  8 orc wizards
  Crazy Yiuf (D:5)
  3 centaur skeletons
  2 orc priests (D:10)
  A giant frog skeleton (D:9)
  An iron imp (D:8)
  4 iguanas
  10 worker ants
  14 adders
  4 shadow imps
  An adder skeleton (D:5)
  A worm (D:3)
  7 giant geckos
  23 orcs
  3 giant cockroaches
  7 hobgoblins
  3 jackals (D:11)
  17 kobolds
  3 quokkas
  3 ball pythons
  7 bats
  A giant gecko zombie (D:5)
  3 giant newts
  8 goblins
  4 rats
214 creatures vanquished.

Vanquished Creatures (collateral kills)
  Sigmund (D:5)
  5 yaks
  A hungry ghost (D:9)
  3 ice beasts
  A sky beast (D:5)
  A slave (D:5)
  An eye of draining (D:9)
  A giant frog (D:9)
  A hound (D:9)
  2 giant frog skeletons
  A centaur skeleton (D:6)
  2 gnolls (D:5)
  An adder skeleton (D:5)
  A giant gecko (D:10)
  A jackal (D:11)
  A quokka (D:9)
  2 bats (D:5)
26 creatures vanquished.

Vanquished Creatures (others)
  A gnoll (D:5)
1 creature vanquished.

Grand Total: 241 creatures vanquished

Notes
Turn   | Place    | Note
--------------------------------------------------------------
     0 | D:1      | Oddball22 the Deep Elf Ice Elementalist began the quest for the Orb.
     0 | D:1      | Reached XP level 1. HP: 10/10 MP: 6/6
     1 | D:1      | Found a runed door.
   364 | D:1      | Reached skill level 4 in Spellcasting
   364 | D:1      | Reached XP level 2. HP: 7/15 MP: 3/9
   885 | D:1      | Learned a level 2 spell: Throw Frost
  1040 | D:2      | Reached XP level 3. HP: 19/19 MP: 1/11
  1181 | D:2      | Found a shattered altar of Ashenzari.
  1269 | D:2      | Found a sacrificial altar of Ru.
  1784 | D:2      | Reached skill level 5 in Spellcasting
  1852 | D:2      | Learned a level 3 spell: Ozocubu's Armour
  2081 | D:3      | Reached XP level 4. HP: 24/24 MP: 10/13
  2293 | D:3      | Noticed Gottschkopf's ghost (amateur DrTm)
  2305 | D:3      | Learned a level 4 spell: Throw Icicle
  2367 | D:3      | Killed Gottschkopf's ghost
  2367 | D:3      | Reached skill level 6 in Spellcasting
  2367 | D:3      | Reached XP level 5. HP: 9/28 MP: 2/15
  2367 | D:3      | Reached XP level 6. HP: 10/32 MP: 2/17
  3131 | D:4      | Found a glowing golden altar of the Shining One.
  3325 | D:4      | Noticed Grinder
  3706 | D:4      | Reached skill level 7 in Spellcasting
  3842 | D:4      | Paralysed by Grinder for 5 turns
  3858 | D:4      | Paralysed by Grinder for 4 turns
  3875 | D:4      | Killed Grinder
  3875 | D:4      | Reached skill level 5 in Ice Magic
  3875 | D:4      | Reached XP level 7. HP: 36/36 MP: 2/20
  4059 | D:5      | Entered Level 5 of the Dungeon
  4331 | D:5      | Found a shimmering altar of Xom.
  4419 | D:5      | Noticed Crazy Yiuf
  4421 | D:5      | Killed Crazy Yiuf
  4421 | D:5      | Reached skill level 8 in Spellcasting
  4577 | D:5      | Noticed Sigmund
  4593 | D:5      | Learned a level 4 spell: Summon Ice Beast
  4621 | D:5      | Killed Sigmund
  4621 | D:5      | Reached skill level 1 in Summonings
  4784 | D:5      | Reached skill level 5 in Conjurations
  4784 | D:5      | Reached XP level 8. HP: 41/41 MP: 4/22
  4894 | D:5      | Found a shadowy altar of Dithmenos.
  5719 | D:5      | Noticed Pikel
  5728 | D:5      | Killed Pikel
  5728 | D:5      | Reached skill level 5 in Summonings
  6160 | D:6      | Reached XP level 9. HP: 45/45 MP: 12/23
  6317 | D:6      | Found a staircase to the Ecumenical Temple.
  6329 | D:6      | Got a polished mace
  6336 | Temple   | Entered the Ecumenical Temple
  7084 | D:7      | Found an ancient bone altar of Kikubaaqudgha.
  7413 | D:8      | Gained mutation: You have large cloven feet. [potion of mutation]
  7413 | D:8      | Gained mutation: You are frail (-10% HP). [potion of mutation]
  7678 | D:8      | Reached skill level 9 in Conjurations
  7788 | D:8      | Found a deep blue altar of Sif Muna.
  7792 | D:8      | Found an oddly glowing altar of Pakellas.
  7796 | D:8      | Became a worshipper of Sif Muna the Loreminder
  8236 | D:8      | Noticed a rust devil
  8311 | D:8      | Noticed a rust devil
  8311 | D:8      | Found a burning altar of Makhleb.
  8857 | D:8      | Reached XP level 10. HP: 45/45 MP: 19/25
  9120 | D:9      | Found a staircase to the Lair.
  9212 | D:9      | Reached * piety under Sif Muna
  9448 | D:10     | Entered Level 10 of the Dungeon
  9575 | D:10     | Reached skill level 10 in Spellcasting
  9863 | D:9      | Reached skill level 5 in Dodging
 10519 | D:9      | Reached skill level 1 in Invocations
 10653 | D:10     | Reached ** piety under Sif Muna
 10752 | D:10     | Reached skill level 11 in Spellcasting
 11313 | D:10     | Noticed a hill giant
 11317 | D:10     | Killed a hill giant
 11882 | D:11     | Identified the +7 mace of the Eel {crush, rF+ rN+++ Dex-3 Stlth-} (You found it on level 6 of the Dungeon)
 11886 | D:11     | Found a staircase to the Orcish Mines.
 11890 | D:11     | Reached XP level 11. HP: 48/48 MP: 15/28
 12587 | D:11     | Reached skill level 12 in Spellcasting
 12750 | D:11     | Noticed a cyan ugly thing
 12763 | D:11     | Killed a cyan ugly thing
 12848 | D:11     | Found Norghata's Book Boutique.
 12849 | D:11     | Noticed a hill giant
 12859 | D:11     | Killed a hill giant
 13096 | D:11     | Got a warped falchion
 13097 | D:11     | Identified the +7 falchion of Guile {speed, rPois rF- MR++ Dex+4} (You found it on level 11 of the Dungeon)
 13393 | D:12     | Noticed a brown ugly thing
 13399 | D:12     | Killed a brown ugly thing
 13399 | D:12     | Reached *** piety under Sif Muna
 13874 | D:13     | Slain by an unseen horror

Vault maps used:
D:1:      dpeg_arrival_caged_fury
D:2:      nicolae_ru_path_of_blood, nicolae_ashenzari_panopticon,
          minmay_misc_feat_chi, serial_bayou_crossing
D:3:      minmay_crystal_room
D:4:      lemuel_crystal_altar, nrook_uturn, uniq_grinder
D:5:      old_forge, kennysheep_mini_moat, old_standard_altar, first_bread,
          uniq_crazy_yiuf_cottage, uniq_pikel, uniq_sigmund
D:6:      minmay_temple_entry_purple_smoke
D:7:      nicolae_overflow_crystal_walls, the_bakery
D:8:      grunt_temple_overflow_open, grunt_ministairs_10, lemuel_hellish_altar
D:9:      lair_0_dummy
D:11:     david_orc_3, serial_shops, shop
D:12:     serial_bayou_lagoon_a
D:13:     enter_trove_3, minivault_29, uniq_rupert
Temple:   jpeg_temple_clearing_12

Action                   |  1- 3 |  4- 6 |  7- 9 | 10-12 || total
-------------------------+-------+-------+-------+-------++-------
Melee: Unarmed           |       |     1 |       |       ||     1
       Quarterstaff      |       |       |    58 |    63 ||   121
 Cast: Freeze            |    27 |    34 |    60 |    35 ||   156
       Throw Frost       |    24 |    34 |    69 |    82 ||   209
       Throw Icicle      |       |     8 |    62 |    94 ||   164
       Summon Ice Beast  |       |       |    11 |    26 ||    37
  Use: Scroll            |       |       |     4 |     2 ||     6
       Potion            |       |       |     3 |       ||     3
 Stab: Sleeping          |       |       |     3 |     1 ||     4
       Petrified         |       |       |       |     1 ||     1
       Confused          |       |       |       |     1 ||     1
  Eat: Chunk             |     4 |     4 |    14 |    13 ||    35
       Beef jerky        |       |     1 |       |       ||     1
       Bread ration      |       |       |     1 |       ||     1
       Pizza             |       |       |       |     1 ||     1
       Fruit             |       |       |       |     2 ||     2
